 Dungeon Crawl Stone Soup version 0.12.3 (console) character file.

56605 Lightli the Faith Healer (level 14, -11/105 HPs)
             Began as a Merfolk Healer on July 7, 2022.
             Was a High Priest of Elyvilon.
             Mangled by an Executioner (21 damage)
             ... on Level 2 of the Abyss.
             The game lasted 01:18:07 (23475 turns).

Lightli the Faith Healer (Merfolk Healer)          Turns: 23475, Time: 01:18:07

HP -11/105       AC 12     Str 17 (18) XL: 14   Next: 71%
MP  17/35        EV 21     Int 13      God: Elyvilon [*****.]
Gold 1041        SH  0     Dex 17      Spells:  0 memorised, 13 levels left

Res.Fire  : . . .   See Invis. : .   n - +0,+6 bardiche (venom)
Res.Cold  : + . .   Warding    : .   W - +2 elf robe {MR}
Life Prot.: + . .   Conserve   : .   (no shield)
Res.Poison: .       Res.Corr.  : .   v - +2 helmet
Res.Elec. : .       Clarity    : .   U - +0 cloak {MR}
Sust.Abil.: . .     Spirit.Shd : .   l - +0 pair of gauntlets
Res.Mut.  : .       Stasis     : .   h - +2 pair of boots {Fly}
Res.Rott. : .       Ctrl.Telep.: x   w - amulet of the gourmand
Gourmand  : +       Flight     : .   V - ring of protection from cold
                                     J - ring of life protection

@: about to teleport, mighty, very resistant to hostile enchantments, unstealthy
A: change form in water, swift swim, Int +1
a: Lesser Healing, Lesser Self-Healing, Divine Protection, Purification, Greater
Healing, Greater Self-Healing, Divine Vigour, Renounce Religion, Evoke Flight


You were on level 2 of the Abyss.
You worshipped Elyvilon.
Elyvilon was extremely pleased with you.
You were not hungry.

You visited 4 branches of the dungeon, and saw 26 of its levels.
You visited the Abyss 2 times.
You also visited: Labyrinth.

You collected 1637 gold pieces.
You spent 696 gold pieces at shops.

Inventory:

Hand weapons
 n - a +0,+6 bardiche of venom (weapon)
Armour
 h - a +2 pair of boots of flying (worn)
 l - a +0 pair of gauntlets (worn)
 r - a +1 buckler
 v - a +2 helmet (worn)
 U - a +0 cloak of magic resistance (worn)
 W - a +2 elven robe of magic resistance (worn)
Magical devices
 o - a wand of disintegration (13)
 p - a wand of disintegration (0)
 t - a wand of paralysis (2)
 y - a wand of digging (4)
 A - a wand of fire (10)
 H - a wand of heal wounds (3)
 L - a wand of cold (3)
 P - a wand of fire (12)
Comestibles
 d - 4 bread rations
 m - 4 meat rations
Scrolls
 e - 5 scrolls of remove curse
 f - 4 scrolls of magic mapping
 i - 6 scrolls of teleportation
 k - a scroll of fog
 C - 3 scrolls of fear
 G - a scroll of recharging
 K - a scroll of blinking
 O - 2 scrolls of silence
 T - a scroll of summoning
Jewellery
 a - an uncursed amulet of conservation
 w - an amulet of the gourmand (around neck)
 x - an uncursed amulet of guardian spirit
 z - an uncursed ring of wizardry
 I - an uncursed amulet of stasis {unknown}
 J - a ring of life protection (left hand)
 N - an uncursed ring of ice
 V - a ring of protection from cold (right hand)
Potions
 b - 2 potions of curing
 g - a potion of resistance
 j - a potion of speed
 q - a potion of mutation
 u - a potion of restore abilities
 B - a potion of brilliance
Books
 c - a manual of Fire Magic
 F - a book of the Earth

   Spells                             Type                      Level
   Dig                                Earth                        4
   Leda's Liquefaction                Hexes/Earth                  4
   Bolt of Magma                      Conjuration/Fire/Earth       5
   Statue Form                        Transmutation/Earth          6
   Iron Shot                          Conjuration/Earth            6
   Shatter                            Earth                        9
Rods
 s - a +4 rod of inaccuracy (14/14)
   (You found it on level 4 of the Lair of Beasts)


   Skills:
 - Level 10.2 Fighting
 - Level 14.1 Polearms
 - Level 11.7 Dodging
 + Level 22.3 Invocations


You had 13 spell levels left.
You didn't know any spells.

Dungeon Overview and Level Annotations

Branches:
Dungeon (11/27)            Temple (0/1) D:5             Orc (4/4) D:8
    Elf (3/3) Orc:4          Lair (8/8) D:9          Shoals (0/5) Lair:5
 Spider (0/5) Lair:4        Slime (0/6) Lair:7

Altars:
Ashenzari
Cheibriados
Fedhas
Kikubaaqudgha
Okawaru
Sif Muna
Trog
Zin
the Shining One
Jiyva

Shops:
D:9: [ Orc:4: (([

Annotations
Orc:3 Urug
Elf:1 exclusion: statue


Innate Abilities, Weirdness & Mutations

You revert to your normal form in water.
You are very nimble and swift while swimming.
Your mind is acute (Int +1).


Message History

The Executioner hits the neqoxec but does no damage.
The Executioner hits the neqoxec!
The neqoxec dies!
The hellwing misses you. The hellwing closely misses you.
The hellwing misses you. The hellwing completely misses you.
The hellwing misses you.
A spiny worm comes into view.
Unknown command.
Use which ability? (? or * to list)
Press: ? - help, Dir - move target cursor, f/p - Executioner Heal: an Executioner (moving very quickly) Elyvilon approves of your offer of peace.
The Executioner turns neutral.
You feel quite a bit more hungry. The Executioner hits you!
* * * LOW HITPOINT WARNING * * *
The Executioner hits you.
* * * LOW HITPOINT WARNING * * *
The Executioner hits you but does no damage.
The Executioner hits you!
You die...

.. ..... # ..
.. .. # ..
..##.. # ... .
. . ......
....w .. . ....
.$..X. . ##..
#..###......
##.
##3.##..##.....
..
........4#1.#
## # #.#.#x4@#
# # .## .##4##
#.. # .## ... #
#.#..# ### . #
#### ## . # # #
# .# #


You could see a spiny worm, a large abomination (wandering), 3 hellwings, a
small abomination, a neutral Executioner (wandering) and a neutral neqoxec
(wandering).

Vanquished Creatures
  2 tentacled starspawn (Abyss:2)
  A ravenous item mimic (Lair:7)
  2 wretched stars
  3 large abominations (Abyss:2)
  A grey draconian skeleton (Abyss:1)
  2 stone golems (Elf:3)
  A griffon (Lair:4)
  2 feature mimics
  2 orange demons (Abyss:1)
  A spiny frog (Lair:6)
  An ancient zyme (Abyss:2)
  4 yaks
  A wyvern (D:10)
  A hungry ghost (Lab)
  A deep elf fighter (Elf:3)
  A ynoxinul (Abyss:2)
  A hippogriff (Lair:8)
  5 small abominations
  A soldier ant (D:11)
  A mottled dragon (Lair:8)
  A deep elf priest (Elf:2)
  A freezing wraith (Abyss:2)
  2 orc warriors
  2 phantoms
  A slave (D:8)
  4 centaurs
  A yak zombie (D:10)
  A deep elf mage (Elf:3)
  A troll skeleton (D:10)
  4 crocodiles
  A warg (Orc:2)
  A giant slug (Lair:5)
  A big kobold (D:11)
  3 giant frogs
  A centaur zombie (D:9)
  Blork the orc (D:9)
  4 water moccasins
  3 agate snails
  A giant frog skeleton (D:4)
  A water moccasin zombie (D:7)
  An eye of draining (D:11)
  6 jellyfish (Lair:6)
  4 killer bees (D:11)
  A wight (Abyss:1)
  A goliath beetle (D:11)
  2 quasits
  5 crimson imps
  5 iguanas
  4 orc priests
  4 hounds
  2 worker ants
  A deep elf soldier (Elf:3)
  5 porcupines
  8 sheep (Lair:3)
  A jelly (D:9)
  6 orc wizards
  4 gnolls (D:4)
  7 green rats
  A lemure (Abyss:2)
  5 adders
  2 giant centipedes
  A giant mite (D:6)
  An iguana skeleton (D:4)
  An adder skeleton (D:5)
  4 worms
  8 ufetubi
  6 giant geckos
  An ooze (D:4)
  31 orcs
  A giant cockroach (D:3)
  8 goblins
  13 hobgoblins
  16 jackals
  A ball python (D:4)
  20 bats
  A giant gecko skeleton (D:5)
  7 giant newts
  A giant spore (D:11)
  15 kobolds
  An orc skeleton (D:9)
  3 quokkas
  13 rats
  A rat zombie (D:5)
  A ballistomycete (D:8)
  A crawling corpse (Elf:3)
  A plant (Lair:8)
  A starspawn tentacle (Abyss:2)
302 creatures vanquished.

Vanquished Creatures (others)
  A tentacled starspawn (Abyss:2)
  A deep elf annihilator (Elf:3)
  A deep elf death mage (Elf:3)
  2 death yaks
  A deep elf high priest (Elf:3)
  A deep elf knight (Elf:3)
  A stone golem (Elf:3)
  An orange demon (Abyss:2)
  An ugly thing (D:11)
  3 komodo dragons (Lair:8)
  A blink frog (Lair:8)
  A basilisk (Lair:8)
  2 yaks
  5 orc warriors
  A deep elf conjurer (Elf:3)
  A deep elf summoner (Elf:3)
  A clay golem (Elf:3)
  A neqoxec (Abyss:2)
  3 deep elf fighters (Elf:3)
  2 hippogriffs
  A deep elf priest (Elf:3)
  A deep dwarf (Abyss:2)
  2 slaves (D:8)
  A human (D:8)
  3 deep elf magi
  2 centaurs
  A big kobold (D:11)
  A water moccasin (Lair:6)
  A crimson imp (D:8)
  3 jellyfish (Lair:6)
  A lava snake (Elf:3)
  A quasit (Elf:2)
  4 orc wizards
  2 orc priests (Orc:4)
  A deep elf soldier (Elf:3)
  2 porcupines
  4 sheep
  An adder (D:8)
  4 green rats
  A lemure (Abyss:2)
  2 shadow imps
  17 orcs
  A goblin (D:2)
  A hobgoblin (D:10)
  3 jackals
  A quokka (Lair:3)
  A ball python (D:1)
  A bat (D:8)
  A giant newt (D:4)
  A giant spore (D:8)
  6 kobolds
  4 rats
  A ballistomycete (D:8)
  4 fungi
  4 plants
  11 starspawn tentacles (Abyss:2)
  118 starspawn tentacle segments (Abyss:2)
245 creatures vanquished.

Grand Total: 547 creatures vanquished

Notes
Turn   | Place    | Note
--------------------------------------------------------------
     0 | D:1      | Lightli, the Merfolk Healer, began the quest for the Orb.
     0 | D:1      | Reached XP level 1. HP: 16/16 MP: 2/2
    61 | D:1      | Found a snail-covered altar of Cheibriados.
   427 | D:1      | Reached XP level 2. HP: 22/22 MP: 4/4
  1026 | D:2      | Reached skill level 5 in Invocations
  1026 | D:2      | Reached XP level 3. HP: 20/27 MP: 1/6
  1601 | D:2      | Found an iron altar of Okawaru.
  1705 | D:2      | Acquired Elyvilon's third power
  1926 | D:3      | Noticed Lightli's ghost (average DEPr)
  2134 | D:3      | Pacified Lightli's ghost
  2134 | D:3      | Reached skill level 6 in Invocations
  2134 | D:3      | Reached XP level 4. HP: 20/34 MP: 7/9
  2346 | D:3      | Reached XP level 5. HP: 36/39 MP: 11/11
  2566 | D:3      | Found a shattered altar of Ashenzari.
  2785 | D:4      | Reached skill level 7 in Invocations
  2947 | D:4      | Noticed Eustachio
  2953 | D:4      | Pacified Eustachio
  2953 | D:4      | Reached XP level 6. HP: 45/45 MP: 10/14
  3005 | D:4      | Noticed an ogre
  3026 | D:4      | Pacified an ogre
  3108 | D:4      | Reached skill level 8 in Invocations
  3699 | D:5      | Entered Level 5 of the Dungeon
  3735 | D:5      | Reached XP level 7. HP: 37/50 MP: 18/18
  3868 | D:5      | Found a staircase to the Ecumenical Temple.
  3916 | D:5      | Reached skill level 9 in Invocations
  3972 | D:5      | Found a glowing silver altar of Zin.
  4312 | D:6      | Found a deep blue altar of Sif Muna.
  4374 | D:6      | Got a polished dagger
  4375 | D:6      | Identified the dagger of Gluttony {flame, rN+ Dex+1} (You found it on level 6 of the Dungeon)
  4457 | D:6      | Got a transparent robe
  4466 | D:6      | Identified the +3 robe of Wrong Decisions {Int+2} (You found it on level 6 of the Dungeon)
  4500 | D:6      | Noticed a wyvern
  4500 | D:6      | an orc warrior changed into a wyvern
  4502 | D:6      | Pacified a wyvern
  4780 | D:6      | Reached skill level 10 in Invocations
  4899 | D:6      | Found a glowing golden altar of the Shining One.
  5140 | D:7      | Reached XP level 8. HP: 57/57 MP: 18/20
  5162 | D:7      | Found a bloodstained altar of Trog.
  5276 | D:7      | Found a blossoming altar of Fedhas.
  5365 | D:7      | Found an ancient bone altar of Kikubaaqudgha.
  5619 | D:8      | Found a staircase to the Orcish Mines.
  5811 | D:8      | Noticed Pikel
  5829 | D:8      | Pacified Pikel
  5829 | D:8      | Reached skill level 11 in Invocations
  6181 | D:8      | Noticed a two-headed ogre
  6191 | D:8      | Pacified a two-headed ogre
  6191 | D:8      | Reached XP level 9. HP: 47/62 MP: 21/23
  6244 | D:8      | Reached skill level 12 in Invocations
  6266 | D:8      | Noticed a cyan ugly thing
  6267 | D:8      | Pacified a cyan ugly thing
  6270 | D:8      | Pacified an unseen horror
  6360 | D:8      | Found a deep blue altar of Sif Muna.
  6369 | D:8      | Found an ancient bone altar of Kikubaaqudgha.
  6556 | D:8      | Was placed under penance by Elyvilon
  6832 | D:9      | Noticed Blork the orc
  6853 | D:9      | Killed Blork the orc
  6861 | D:9      | Reached skill level 13 in Invocations
  6904 | D:9      | Was forgiven by Elyvilon
  6996 | D:9      | Found Mainolis' Antique Armour Boutique.
  7015 | D:9      | Found a staircase to the Lair.
  7015 | D:9      | Noticed an elephant
  7029 | D:9      | Pacified an elephant
  7724 | Lair:1   | Entered Level 1 of the Lair of Beasts
  7855 | Lair:1   | Noticed a spiny frog
  7855 | Lair:1   | Pacified a spiny frog
  7855 | Lair:1   | Reached XP level 10. HP: 68/68 MP: 26/26
  7929 | Lair:1   | Reached skill level 14 in Invocations
  7952 | Lair:1   | Acquired Elyvilon's fourth power
  8012 | Lair:1   | Noticed a six-headed hydra
  8015 | Lair:1   | Pacified a six-headed hydra
  8022 | Lair:1   | Noticed a spiny frog
  8024 | Lair:1   | Pacified a spiny frog
  8550 | Lair:1   | Reached skill level 15 in Invocations
  8958 | Lair:2   | Reached skill level 5 in Dodging
 10049 | Lair:3   | Found a labyrinth entrance.
 10078 | Lair:3   | Noticed Gastronok
 10093 | Lab      | Entered a labyrinth
 10567 | Lab      | Noticed a minotaur
 10568 | Lab      | Pacified a minotaur
 10572 | Lab      | Got a dazzling scale mail
 10582 | Lab      | Identified the cursed +0 scale mail of the Gloaming {rElec Str+4} (You found it in a labyrinth)
 10644 | Lair:3   | Noticed a black mamba
 10650 | Lair:3   | Pacified a black mamba
 10650 | Lair:3   | Reached skill level 10 in Dodging
 10688 | Lair:3   | Reached XP level 11. HP: 47/73 MP: 23/28
 10699 | Lair:3   | Pacified Gastronok
 10844 | Lair:3   | Reached skill level 1 in Polearms
 11354 | Lair:4   | Identified a +4 rod of inaccuracy (14/14) (You found it on level 4 of the Lair of Beasts)
 11509 | Lair:4   | Found a staircase to the Shoals.
 11673 | Lair:4   | Found a hole to the Spider Nest.
 11674 | Lair:4   | Reached skill level 5 in Polearms
 12114 | Lair:4   | the staircase to the Shoals was a mimic.
 12658 | Lair:5   | Reached skill level 10 in Polearms
 12756 | Lair:5   | Found a staircase to the Shoals.
 14148 | Lair:6   | Noticed a death yak
 14149 | Lair:6   | Noticed a death yak
 14149 | Lair:6   | Noticed a death yak
 14150 | Lair:6   | Noticed a death yak
 14150 | Lair:6   | Noticed a death yak
 14152 | Lair:6   | Noticed a death yak
 14156 | Lair:6   | Pacified a death yak
 14156 | Lair:6   | Reached XP level 12. HP: 80/80 MP: 29/29
 14158 | Lair:6   | Pacified a death yak
 14160 | Lair:6   | Pacified a death yak
 14162 | Lair:6   | Killed a death yak
 14163 | Lair:6   | Pacified a death yak
 14164 | Lair:6   | Pacified a death yak
 14164 | Lair:6   | Reached skill level 5 in Fighting
 14165 | Lair:6   | Pacified a death yak
 14454 | Lair:7   | Noticed a five-headed hydra
 14461 | Lair:7   | Pacified a five-headed hydra
 14541 | Lair:7   | Killed a ravenous potion mimic
 14772 | Lair:7   | Found a viscous altar of Jiyva.
 14773 | Lair:7   | Found a staircase to the Slime Pits.
 14892 | Lair:7   | Identified a scroll of acquirement
 15210 | Lair:8   | Entered Level 8 of the Lair of Beasts
 15326 | Lair:8   | Noticed a four-headed hydra
 15328 | Lair:8   | Pacified a four-headed hydra
 15376 | Lair:8   | Noticed a death yak
 15381 | Lair:8   | Noticed a death yak
 15381 | Lair:8   | Noticed a death yak
 15382 | Lair:8   | Pacified a death yak
 15383 | Lair:8   | Noticed a death yak
 15383 | Lair:8   | Noticed a death yak
 15383 | Lair:8   | Pacified a death yak
 15385 | Lair:8   | Pacified a death yak
 15385 | Lair:8   | Reached skill level 10 in Fighting
 15390 | Lair:8   | Pacified a death yak
 15392 | Lair:8   | Pacified a death yak
 15728 | Lair:8   | Noticed a dragon
 15764 | Lair:8   | Pacified a dragon
 15778 | Lair:8   | Noticed a death yak
 15779 | Lair:8   | Noticed a death yak
 15781 | Lair:8   | Pacified a death yak
 15782 | Lair:8   | Pacified a death yak
 15782 | Lair:8   | Reached skill level 16 in Invocations
 15783 | Lair:8   | Noticed a death yak
 15785 | Lair:8   | Pacified a death yak
 16369 | Lair:8   | Reached XP level 13. HP: 98/98 MP: 29/31
 16402 | Lair:8   | Noticed a death yak
 16403 | Lair:8   | Noticed a death yak
 16404 | Lair:8   | Noticed an eight-headed hydra
 16407 | Lair:8   | Pacified a death yak
 16409 | Lair:8   | Pacified an eight-headed hydra
 16409 | Lair:8   | Reached skill level 17 in Invocations
 16411 | Lair:8   | Killed a death yak
 16485 | Lair:8   | Noticed a catoblepas
 16487 | Lair:8   | Pacified a catoblepas
 16508 | Lair:8   | Got a crude scale mail
 16518 | Lair:8   | Identified the +3 scale mail of Yjuah {Stlth--} (You found it on level 8 of the Lair of Beasts)
 17033 | D:10     | Entered Level 10 of the Dungeon
 17853 | D:10     | Got a pitted flail
 17854 | D:10     | Identified the flail "Mnuram" {crush, Dex+3} (You found it on level 10 of the Dungeon)
 17960 | D:11     | Noticed Fannar
 17968 | D:11     | Pacified Fannar
 18205 | D:11     | Reached skill level 18 in Invocations
 18922 | D:11     | Gained mutation: Your mind is acute (Int +1). [potion of gain intelligence]
 18923 | D:11     | Paralysed by a potion of paralysis for 4 turns
 19207 | Orc:1    | Entered Level 1 of the Orcish Mines
 19250 | Orc:3    | Noticed Urug
 19252 | Orc:3    | Pacified Urug
 19261 | Orc:4    | Entered Level 4 of the Orcish Mines
 19261 | Orc:4    | Found a staircase to the Elven Halls.
 19779 | Orc:4    | Found Ziuprirch's Antique Weapon Shoppe.
 19779 | Orc:4    | Found Laemao's Weapon Boutique.
 19782 | Orc:4    | Found Ruakkuet's Antique Weapon Emporium.
 19785 | Orc:4    | Found Acopufeomof's Antique Armour Shop.
 19818 | Orc:4    | Ruakkuet's Antique Weapon Emporium was a mimic.
 19832 | Orc:4    | Bought a +0,+6 bardiche of venom for 696 gold pieces
 20202 | Elf:1    | Entered Level 1 of the Elven Halls
 20573 | Elf:3    | Entered Level 3 of the Elven Halls
 20646 | Elf:3    | Reached skill level 19 in Invocations
 20991 | Elf:3    | Noticed Agnes
 20999 | Elf:3    | Pacified Agnes
 21002 | Elf:3    | Noticed a deep elf death mage
 21004 | Elf:3    | Pacified a deep elf death mage
 21108 | Elf:3    | Noticed a deep elf sorcerer
 21109 | Elf:3    | Cast into the Abyss (deep elf sorcerer)
 21126 | Abyss:1  | Got a faintly glowing ring mail
 21136 | Abyss:1  | Identified the cursed -3 ring mail of the Moon {+Blink Str+1 Acc+4 Stlth++} (You found it on level 1 of the Abyss)
 21637 | Abyss:1  | Noticed a tentacled starspawn
 21733 | Elf:3    | Escaped the Abyss
 21734 | Elf:3    | Pacified a deep elf sorcerer
 21741 | Elf:3    | Reached skill level 20 in Invocations
 21742 | Elf:3    | Noticed mopl's ghost (mighty SpEn)
 21745 | Elf:3    | Pacified mopl's ghost
 21934 | Elf:3    | Noticed a deep elf sorcerer
 21935 | Elf:3    | Pacified a deep elf sorcerer
 21935 | Elf:3    | Reached XP level 14. HP: 102/105 MP: 34/34
 21945 | Elf:3    | Noticed a deep elf blademaster
 21946 | Elf:3    | Pacified a deep elf blademaster
 22136 | Elf:3    | Noticed a deep elf death mage
 22138 | Elf:3    | Pacified a deep elf death mage
 22144 | Elf:3    | Noticed a deep elf annihilator
 22144 | Elf:3    | Killed a deep elf death mage
 22148 | Elf:3    | Noticed a deep elf sorcerer
 22148 | Elf:3    | Pacified a deep elf sorcerer
 22152 | Elf:3    | Noticed a deep elf sorcerer
 22153 | Elf:3    | Pacified a deep elf sorcerer
 22451 | Elf:3    | Noticed a deep elf annihilator
 22453 | Elf:3    | Noticed a deep elf sorcerer
 22455 | Elf:3    | Pacified a deep elf sorcerer
 22455 | Elf:3    | Reached skill level 21 in Invocations
 22466 | Elf:3    | Killed a deep elf annihilator
 22478 | Elf:3    | Pacified a deep elf annihilator
 22547 | Elf:3    | Noticed a deep elf sorcerer
 22548 | Elf:3    | Cast into the Abyss (deep elf sorcerer)
 22567 | Abyss:1  | Noticed a bone dragon
 22568 | Abyss:1  | Pacified a bone dragon
 22602 | Abyss:2  | Noticed a tentacled starspawn
 22631 | Abyss:2  | Found a sparkling altar of Nemelex Xobeh.
 22654 | Abyss:2  | Noticed a starcursed mass
 22668 | Abyss:2  | Noticed a tentacled starspawn
 22690 | Abyss:2  | Found a sparkling altar of Nemelex Xobeh.
 22863 | Abyss:2  | Found a deep blue altar of Sif Muna.
 22970 | Abyss:2  | Noticed an Executioner
 22998 | Abyss:2  | Pacified an Executioner
 23078 | Abyss:2  | Noticed a tentacled starspawn
 23213 | Abyss:2  | Killed a tentacled starspawn
 23401 | Abyss:2  | Noticed a cacodemon
 23402 | Abyss:2  | Pacified a cacodemon
 23411 | Abyss:2  | Noticed a tentacled starspawn
 23427 | Abyss:2  | Killed a tentacled starspawn
 23427 | Abyss:2  | Reached skill level 22 in Invocations
 23431 | Abyss:2  | Noticed a tentacled starspawn
 23445 | Abyss:2  | Killed a tentacled starspawn
 23472 | Abyss:2  | Noticed an Executioner
 23475 | Abyss:2  | Pacified an Executioner
 23475 | Abyss:2  | Mangled by an Executioner

Action                   |  1- 3 |  4- 6 |  7- 9 | 10-12 | 13-15 || total
-------------------------+-------+-------+-------+-------+-------++-------
Melee: Unarmed           |    17 |       |       |       |       ||    17
       Whip              |    31 |   161 |   122 |   248 |       ||   562
       Dagger            |     1 |       |   192 |       |       ||   193
       War axe           |       |       |    10 |       |       ||    10
       Trident           |       |       |       |   448 |   384 ||   832
       Bardiche          |       |       |       |       |   185 ||   185
Invok: Lesser Healing    |    56 |    15 |    62 |   220 |   229 ||   582
       Lesser Self-Heali |     1 |       |       |       |       ||     1
       Greater Healing   |       |     4 |     6 |     7 |    52 ||    69
       Greater Self-Heal |       |       |       |       |     8 ||     8
Evoke: Wand              |       |     1 |    18 |     3 |    12 ||    34
       Rod               |       |       |       |       |     4 ||     4
  Use: Scroll            |     3 |     6 |     8 |    17 |     9 ||    43
       Potion            |     2 |     1 |       |     2 |    16 ||    21
 Stab: Paralysed         |       |       |     6 |       |       ||     6
       Distracted        |       |       |     1 |     1 |     2 ||     4
       Sleeping          |       |       |       |     7 |     2 ||     9
